[Event "Titled Tuesday Blitz March 08 Early 2022"]
[White "Quirke, Jeffrey"]
[Black "Rosenberg, Evan S"]
[WhiteFideId "2013029"]
[BlackFideId "2019299"]
[WhiteElo "2111"]
[BlackElo "2268"]
[Result "1/2-1/2"]
[Round "04"]
[TimeControl "180+1"]
[Date "2022.03.09"]
[WhiteClock "0:00:12"]
[BlackClock "0:00:10"]

1. c4 e5 2. g3 Be7 3. Bg2 f5 4. Nc3 Nf6 5. d3 d6 6. Nf3 Nbd7 7. O-O O-O 8. Rb1 a5 9. a3 Nc5 10. b4 axb4 11. axb4 Ne6 12. b5 Bd7 13. Bb2 b6 14. Nd2 Ra7 15. Ra1 Rxa1 16. Qxa1 f4 17. Qa7 Ng5 18. Nd5 Nxd5 19. Bxd5+ Be6 20. Ne4 Bxd5 21. cxd5 Nh3+ 22. Kg2 Qd7 23. Qa4 Ng5 24. Nxg5 Bxg5 25. Qc4 Rf7 26. Bc1 Qg4 27. f3 Qh5 28. g4 Qg6 29. Bd2 h5 30. h3 Bh4 31. Rc1 Bg3 32. Qc6 hxg4 33. hxg4 Qg5 34. Rh1 g6 35. Qc1 Qe7 36. Be1 Bxe1 37. Qxe1 Rh7 38. Rxh7 Qxh7 39. Qh1 Qxh1+ 40. Kxh1 g5 41. Kg2 Kg7 42. Kf2 Kf6 43. Ke1 Ke7 44. Kd2 Kd7 45. Kc3 Kc8 46. Kc4 Kd7 47. Kb4 Kc8 48. Kc4 Kd7 49. Kc3 Ke7 50. Kc4 Kd7 1/2-1/2


[Site "https://www.chess.com"]

[Event "Titled Tuesday Blitz March 08 Early 2022"]
[White "Romanchuk, Viktor"]
[Black "Borodavkin, Anatoly"]
[WhiteFideId "14109271"]
[BlackFideId "14150662"]
[WhiteElo "2242"]
[BlackElo "1845"]
[Result "1-0"]
[Round "04"]
[TimeControl "180+1"]
[Date "2022.03.09"]
[WhiteClock "0:01:35"]
[BlackClock "0:00:27"]

1. d4 d5 2. c4 Nc6 3. cxd5 Qxd5 4. e3 e5 5. Nc3 Bb4 6. Bd2 Bxc3 7. Bxc3 exd4 8. Ne2 Bg4 9. f3 O-O-O 10. Nxd4 Nxd4 11. Qxd4 Qe6 12. Qxg4 f5 13. Qf4 Ne7 14. Bc4 Qg6 15. O-O h5 16. Qe5 Qg5 17. f4 Qh4 18. g3 Qh3 19. Qxe7 Rhe8 20. Qh4 1-0


[Site "https://www.chess.com"]

[Event "Titled Tuesday Blitz March 08 Early 2022"]
[White "Rustemov, Alexander"]
[Black "Bettalli, Francesco"]
[WhiteFideId "4119002"]
[BlackFideId "2816453"]
[WhiteElo "2770"]
[BlackElo "2216"]
[Result "1-0"]
[Round "04"]
[TimeControl "180+1"]
[Date "2022.03.09"]
[WhiteClock "0:01:50"]
[BlackClock "0:02:20"]

1. d4 Nf6 2. c4 c5 3. d5 b5 4. Nf3 g6 5. cxb5 a6 6. e3 Bg7 7. Nc3 O-O 8. a4 axb5 9. Bxb5 Qa5 10. O-O Ba6 11. Bd2 Bxb5 12. axb5 Qxa1 13. Qxa1 Rxa1 14. Rxa1 d6 15. Ra7 Nbd7 16. e4 Rb8 17. h3 c4 18. Be3 Kf8 19. Nd4 Nc5 20. Nc6 Re8 21. Bxc5 dxc5 22. b6 e6 23. b7 Nd7 24. Ra8 exd5 25. exd5 Bd4 26. Rxe8+ Kxe8 27. b8=Q+ Nxb8 28. Nxb8 Ke7 29. Nc6+ Kd6 30. Na5 Bxc3 31. bxc3 Kxd5 32. f3 1-0


[Site "https://www.chess.com"]

[Event "Titled Tuesday Blitz March 08 Early 2022"]
[White "Sadhwani, Raunak"]
[Black "Donchenko, Alexander"]
[WhiteFideId "35093487"]
[BlackFideId "24603295"]
[WhiteElo "2616"]
[BlackElo "2539"]
[Result "1-0"]
[Round "04"]
[TimeControl "180+1"]
[Date "2022.03.08"]
[WhiteClock "0:01:31"]
[BlackClock "0:00:47"]

1. d4 Nf6 2. Nf3 b6 3. Nc3 Bb7 4. Bg5 Ne4 5. Nxe4 Bxe4 6. e3 h6 7. Bh4 d6 8. Bd3 Bxd3 9. Qxd3 Nd7 10. e4 g6 11. O-O-O Bg7 12. e5 Nf8 13. Rhe1 Ne6 14. exd6 Qxd6 15. d5 Ng5 16. Nxg5 Qf4+ 17. Kb1 Qxh4 18. Qb5+ Kf8 19. Qc6 Re8 20. Ne4 Qxh2 21. d6 exd6 22. Nxd6 Rxe1 23. Rxe1 Kg8 24. Nxf7 Rh7 25. Re8+ Bf8 26. Qxg6+ Rg7 27. Nxh6+ 1-0


[Site "https://www.chess.com"]

[Event "Titled Tuesday Blitz March 08 Early 2022"]
[White "Samant Aditya S"]
[Black "Moroni, Luca Jr"]
[WhiteFideId "35080580"]
[BlackFideId "865834"]
[WhiteElo "1916"]
[BlackElo "2573"]
[Result "1/2-1/2"]
[Round "04"]
[TimeControl "180+1"]
[Date "2022.03.08"]
[WhiteClock "0:00:05"]
[BlackClock "0:00:01"]

1. d4 d6 2. e4 e5 3. Nf3 exd4 4. Nxd4 Nf6 5. Nc3 Be7 6. Bf4 O-O 7. Be2 Re8 8. O-O Bf8 9. Bf3 Nbd7 10. Bg3 Ne5 11. Be2 Ng6 12. Bf3 c6 13. Re1 Qb6 14. Nb3 Be6 15. Qd2 Rad8 16. Rad1 Ne5 17. Be2 Bc4 18. Qd4 Qxd4 19. Nxd4 Bxe2 20. Rxe2 Ng6 21. Nf5 d5 22. exd5 Rxe2 23. Nxe2 Rxd5 24. Rxd5 Nxd5 25. Bd6 Nh4 26. Bxf8 Nxf5 27. Ba3 f6 28. b3 Kf7 29. Kf1 Ke6 30. g3 g6 31. Ke1 Kd7 32. Kd2 Ng7 33. c4 Nc7 34. Bb2 Ke7 35. Nf4 Nce6 36. Nd3 Ne8 37. Ke3 b6 38. Nb4 Kd7 39. Nd3 c5 40. Ke2 Ke7 41. Ne1 Nd6 42. Nc2 a5 43. Ne3 Nc7 44. Kd3 Ke6 45. f4 f5 46. Be5 Nde8 47. Bxc7 Nxc7 48. Kc3 Kd6 49. a4 Kc6 50. Kd3 Kd7 51. Kc3 Kd6 52. Kd3 Kc6 53. Kc3 Ne6 54. Nd5 Nd4 55. Nf6 h5 56. Nd5 Nf3 57. Ne7+ Kd6 58. Nxg6 Nxh2 59. Nh4 Ke6 60. Kd3 Nf1 61. Ke2 Nxg3+ 62. Kf3 Ne4 63. Ng6 Nd2+ 64. Ke3 Nxb3 65. Ne5 h4 66. Nf3 h3 67. Ng5+ Kf6 68. Nxh3 Nd4 69. Kd3 Ne6 70. Ke3 Kg6 71. Nf2 Kh5 72. Nd3 Kg4 73. Ne5+ Kg3 74. Ng6 Nd4 75. Ne7 Kg2 76. Nd5 Nc2+ 77. Kd3 Nb4+ 78. Ke3 Nc2+ 79. Kd3 Nd4 80. Ke3 Nc2+ 1/2-1/2


[Site "https://www.chess.com"]

[Event "Titled Tuesday Blitz March 08 Early 2022"]
[White "Sanal, Vahap"]
[Black "Silva, Miguel Antonio Neto"]
[WhiteFideId "6300545"]
[BlackFideId "1911929"]
[WhiteElo "2603"]
[BlackElo "2204"]
[Result "1-0"]
[Round "04"]
[TimeControl "180+1"]
[Date "2022.03.08"]
[WhiteClock "0:02:17"]
[BlackClock "0:01:52"]

1. e4 e5 2. Nf3 Nc6 3. Bb5 Nf6 4. O-O Nxe4 5. Re1 Nd6 6. Nxe5 Be7 7. Bf1 Nxe5 8. Rxe5 O-O 9. d4 Bf6 10. Bd3 g6 11. Nc3 Re8 12. Bf4 Bg7 13. Qd2 Rxe5 14. dxe5 Ne8 15. Bg5 f6 16. Bc4+ Kh8 17. Qd5 Nd6 18. exf6 1-0


[Site "https://www.chess.com"]

[Event "Titled Tuesday Blitz March 08 Early 2022"]
[White "Sarkar, Justin"]
[Black "Jaferian, Koosha"]
[WhiteFideId "2010011"]
[BlackFideId "12507440"]
[WhiteElo "2038"]
[BlackElo "2030"]
[Result "0-1"]
[Round "04"]
[TimeControl "180+1"]
[Date "2022.03.09"]
[WhiteClock "0:00:01"]
[BlackClock "0:00:09"]

1. d4 Nf6 2. c4 e6 3. Nf3 b6 4. g3 Ba6 5. Qc2 Bb4+ 6. Bd2 Be7 7. e4 d5 8. cxd5 Bxf1 9. Kxf1 exd5 10. e5 Ne4 11. Nc3 Nxc3 12. Bxc3 Qd7 13. h4 c5 14. Kg2 c4 15. b3 b5 16. bxc4 bxc4 17. Ng5 Nc6 18. Rae1 Nd8 19. Nxh7 Ne6 20. f4 g6 21. Ng5 Rh5 22. Rb1 Ng7 23. Rhe1 Qg4 24. Qe2 Qxe2+ 25. Rxe2 Nf5 26. Nf3 Rh8 27. Rb5 Rd8 28. Kf2 Ng7 29. Reb2 Ne6 30. Rb7 a6 31. Ra7 Kf8 32. Rbb7 Re8 0-1


[Site "https://www.chess.com"]

[Event "Titled Tuesday Blitz March 08 Early 2022"]
[White "Seo, Jung Min"]
[Black "Farahat, Ali"]
[WhiteFideId "1734687"]
[BlackFideId "10600507"]
[WhiteElo "2401"]
[BlackElo "2321"]
[Result "1-0"]
[Round "04"]
[TimeControl "180+1"]
[Date "2022.03.09"]
[WhiteClock "0:00:26"]
[BlackClock "0:00:45"]

1. e4 e5 2. Nf3 Nc6 3. Bb5 a6 4. Ba4 Nf6 5. O-O Be7 6. d3 b5 7. Bb3 O-O 8. Re1 d6 9. a3 Na5 10. Ba2 c5 11. Nc3 Nc6 12. Nd5 Nxd5 13. Bxd5 Bb7 14. c3 Qd7 15. b4 cxb4 16. axb4 a5 17. Bxc6 Qxc6 18. bxa5 Qxc3 19. Ra3 Qc7 20. Bd2 d5 21. Ra1 dxe4 22. dxe4 Rfd8 23. Qb3 Qc4 24. Qxc4 bxc4 25. Rab1 Ba6 26. Be3 c3 27. Nxe5 Ba3 28. Nc6 c2 29. Ra1 Rd3 30. Bc1 Bf8 31. Be3 Rc8 32. Ne5 Rxe3 33. fxe3 Bb4 34. Rec1 Bd2 35. Kf2 f6 36. Nf3 Bxc1 37. Rxc1 Bd3 38. e5 Ra8 39. exf6 gxf6 40. Ne1 Be4 41. Ke2 Rxa5 42. Nxc2 Ra2 43. Kd2 Bxg2 44. Rg1 1-0


[Site "https://www.chess.com"]

[Event "Titled Tuesday Blitz March 08 Early 2022"]
[White "Shubenkova, Veronika"]
[Black "Sahin, Handenur"]
[WhiteFideId "44124040"]
[BlackFideId "6334865"]
[WhiteElo "1938"]
[BlackElo "2162"]
[Result "1-0"]
[Round "04"]
[TimeControl "180+1"]
[Date "2022.03.09"]
[WhiteClock "0:00:06"]
[BlackClock "0:00:10"]

1. d4 d5 2. e3 Nf6 3. f4 Bf5 4. Bd3 e6 5. Nf3 Nbd7 6. O-O Ne4 7. Nbd2 Ndf6 8. Ne5 h5 9. Nxe4 Nxe4 10. c3 Bd6 11. Qe2 f6 12. Nf3 Qe7 13. Bd2 g5 14. fxg5 fxg5 15. Ne5 Bxe5 16. dxe5 O-O-O 17. a4 Qg7 18. a5 Qxe5 19. a6 b6 20. Bxe4 Bxe4 21. Qb5 Qd6 22. Be1 c6 23. Qe2 h4 24. Rf7 Rd7 25. Rxd7 Qxd7 26. Qg4 Qf7 27. c4 Bf5 28. Qe2 h3 29. Bc3 Rf8 30. Rf1 hxg2 31. Qxg2 Qe7 32. cxd5 cxd5 33. Be5 Be4 34. Rc1+ Kd8 35. Qd2 Qf7 36. Bc7+ Ke8 37. Qe2 Qd7 38. Bg3 Bf3 39. Qd3 Be4 40. Qe2 Bf3 41. Qc2 Be4 42. Qc8+ Qxc8 43. Rxc8+ Kf7 44. Rc7+ Kg6 45. Rxa7 Rf3 46. Re7 Rxe3 47. a7 d4 48. Rxe6+ Kf5 49. Rxe4 Rxe4 50. a8=Q 1-0


[Site "https://www.chess.com"]

[Event "Titled Tuesday Blitz March 08 Early 2022"]
[White "Shuvalov, Evgenij"]
[Black "Nguyen, Thien Ngan"]
[WhiteFideId "4187237"]
[BlackFideId "12414816"]
[WhiteElo "2151"]
[BlackElo "1917"]
[Result "0-1"]
[Round "04"]
[TimeControl "180+1"]
[Date "2022.03.09"]
[WhiteClock "0:00:07"]
[BlackClock "0:00:58"]

1. Nf3 d5 2. c4 e6 3. g3 Nf6 4. Bg2 Be7 5. O-O O-O 6. b3 c5 7. e3 Nc6 8. Bb2 b6 9. Nc3 Bb7 10. cxd5 exd5 11. d4 Re8 12. dxc5 bxc5 13. Rc1 Bf8 14. Na4 Ne4 15. Nd2 Qe7 16. Nxe4 dxe4 17. Nxc5 Rad8 18. Qe2 Nb4 19. Qb5 Nd3 20. Nxd3 Rxd3 21. Rfd1 Red8 22. Bd4 a6 23. Qa4 Qa3 24. Qxa3 Bxa3 25. Rxd3 Bxc1 26. Rc3 Bb2 27. Rc7 Bxd4 28. Rxb7 Bc5 29. Bxe4 g6 30. Rc7 Bb4 31. Rc2 Rd1+ 32. Kg2 Kg7 33. Bf3 Rd6 34. Be2 a5 35. Bc4 Rd1 36. Be2 Rd6 37. h4 h6 38. Kf3 Rf6+ 39. Kg2 Rd6 40. Rc7 Rd2 41. Bc4 Rxa2 42. Rxf7+ Kh8 43. Rf6 Kg7 44. Rf7+ Kh8 45. Rb7 Be1 46. Rf7 Rc2 47. g4 a4 48. Rf8+ Kg7 49. Rf7+ Kh8 50. g5 a3 51. Rf8+ Kg7 52. Rf7+ Kh8 53. gxh6 a2 54. Rf8+ Kh7 55. Ra8 Rxf2+ 56. Kh3 Kxh6 57. b4 Bxb4 58. Rxa2 Rf3+ 59. Kg4 Rxe3 60. Bd5 Rd3 61. Bf3 Rd4+ 62. Kg3 Bd6+ 63. Kg2 Rxh4 64. Rd2 Rh2+ 65. Kf1 Rxd2 66. Be2 Kg5 67. Kf2 Kf4 68. Ke1 Bb4 69. Kf2 g5 0-1


[Site "https://www.chess.com"]

[Event "Titled Tuesday Blitz March 08 Early 2022"]
[White "Shuvalova, Polina"]
[Black "Jumabayev, Rinat"]
[WhiteFideId "24171760"]
[BlackFideId "13702661"]
[WhiteElo "2355"]
[BlackElo "2561"]
[Result "0-1"]
[Round "04"]
[TimeControl "180+1"]
[Date "2022.03.08"]
[WhiteClock "0:00:02"]
[BlackClock "0:00:14"]

1. d4 Nf6 2. Nf3 e6 3. Bf4 b6 4. e3 Bb7 5. h3 d5 6. Nbd2 Bd6 7. c3 O-O 8. Bd3 c5 9. O-O Nc6 10. Ne5 Qc7 11. Ndf3 Ne4 12. Nxc6 Bxf4 13. exf4 Bxc6 14. Ne5 Bb7 15. g3 a5 16. Qe2 Rfe8 17. Rfe1 f6 18. Nf3 Nd6 19. a4 Bc6 20. Qc2 g6 21. Qd2 Re7 22. h4 Ne4 23. Qe3 Rd8 24. h5 Kg7 25. Nd2 e5 26. dxe5 fxe5 27. Nxe4 exf4 28. gxf4 dxe4 29. Bc4 Rf8 30. hxg6 hxg6 31. Rad1 Rxf4 32. Qg3 e3 33. Kh2 Rxc4 34. Qxc7 Rxc7 35. Rxe3 Re4 36. Kg3 Rxe3+ 37. fxe3 Rd7 38. Rf1 Rd6 39. Kf2 Rf6+ 0-1


[Site "https://www.chess.com"]

[Event "Titled Tuesday Blitz March 08 Early 2022"]
[White "Shyaamnikhil P"]
[Black "Eynullayev, Atilla"]
[WhiteFideId "5024218"]
[BlackFideId "13413570"]
[WhiteElo "2329"]
[BlackElo "1979"]
[Result "1-0"]
[Round "04"]
[TimeControl "180+1"]
[Date "2022.03.09"]
[WhiteClock "0:01:03"]
[BlackClock "0:00:03"]

1. e4 c5 2. Nc3 e6 3. f4 d5 4. Nf3 dxe4 5. Nxe4 Nf6 6. Bb5+ Bd7 7. Nxf6+ Qxf6 8. Qe2 a6 9. Bxd7+ Nxd7 10. Ne5 Nxe5 11. fxe5 Qh4+ 12. g3 Qd4 13. Rf1 Be7 14. Rf4 Qd5 15. c4 Qc6 16. Qf3 Qxf3 17. Rxf3 f5 18. exf6 Bxf6 19. Rb1 a5 20. Ke2 O-O-O 21. d3 Bd4 22. Bd2 b6 23. b3 Rhf8 24. Rbf1 Rxf3 25. Rxf3 Bf6 26. Re3 Kd7 27. Re4 Bd4 28. Rf4 Ke7 29. a4 Rf8 30. Rxf8 Kxf8 31. Kf3 Ke7 32. Ke4 Kd7 33. Bf4 Bf6 34. g4 g6 35. Be5 Bh4 36. d4 Be7 37. d5 exd5+ 38. Kxd5 Bd8 39. Bg3 Bg5 40. h4 Bd8 41. g5 Be7 42. Be5 Bd8 43. Bd6 Kc8 44. Kc6 1-0


[Site "https://www.chess.com"]

[Event "Titled Tuesday Blitz March 08 Early 2022"]
[White "Soderstrom, Adrian"]
[Black "Ibraev, Vasilij"]
[WhiteFideId "1745786"]
[BlackFideId "4175190"]
[WhiteElo "2107"]
[BlackElo "2121"]
[Result "1-0"]
[Round "04"]
[TimeControl "180+1"]
[Date "2022.03.09"]
[WhiteClock "0:00:11"]
[BlackClock "0:00:08"]

1. d4 Nf6 2. c4 e6 3. Nf3 b6 4. g3 Bb7 5. Bg2 c5 6. d5 exd5 7. O-O dxc4 8. e4 d6 9. Nc3 Be7 10. Nh4 O-O 11. e5 Bxg2 12. exf6 Bxf1 13. fxe7 Qxe7 14. Nd5 Qd7 15. Kxf1 Nc6 16. Nf5 Qe6 17. Qg4 g6 18. Nh6+ Kh8 19. Qxe6 fxe6 20. Nc7 Rac8 21. Nxe6 Rfe8 22. Nf7+ Kg8 23. Nh6+ Kh8 24. Nf7+ Kg8 25. Nxd6 Rxe6 26. Nxc8 Kf7 27. Bf4 g5 28. Bxg5 Ke8 29. Rd1 Nd4 30. Nxa7 Kd7 31. Nb5 Re4 32. Nxd4 cxd4 33. Be3 d3 34. b3 Kc6 35. bxc4 Rxc4 36. Rxd3 b5 37. Ra3 Rc2 38. Ra7 h5 39. h4 b4 40. Kg2 Kb5 41. Kf3 Rb2 42. Kf4 1-0


[Site "https://www.chess.com"]

[Event "Titled Tuesday Blitz March 08 Early 2022"]
[White "Sonis, Francesco"]
[Black "Skliarov, Viktor"]
[WhiteFideId "895733"]
[BlackFideId "14106736"]
[WhiteElo "2373"]
[BlackElo "2229"]
[Result "1-0"]
[Round "04"]
[TimeControl "180+1"]
[Date "2022.03.09"]
[WhiteClock "0:00:15"]
[BlackClock "0:00:02"]

1. d4 Nf6 2. c4 e6 3. Nc3 Bb4 4. e3 b6 5. Nf3 Ne4 6. Qc2 Bb7 7. Bd3 f5 8. O-O Bxc3 9. bxc3 O-O 10. Nd2 Nxd2 11. Bxd2 Qg5 12. f3 Nc6 13. Kh1 Qh5 14. a4 Na5 15. Be1 Ba6 16. Qe2 c5 17. d5 e5 18. e4 f4 19. Rg1 Rf6 20. g3 fxg3 21. Rxg3 Raf8 22. Qg2 g6 23. Rh3 Qxh3 24. Qxh3 Rxf3 25. Qxd7 Bc8 26. Qe7 Rxd3 27. Bg3 Nxc4 28. Kg1 Bh3 29. Qh4 Bc8 30. Rf1 Rdf3 31. Rxf3 Rxf3 32. h3 Ne3 33. Bxe5 Bxh3 34. Qd8+ Rf8 35. Qe7 Rf7 36. Qd8+ Rf8 37. Qc7 Rf7 38. Qb8+ Rf8 39. Qxa7 Rf7 40. Qxb6 Ng4 41. Qb1 Nxe5 42. Qb8+ Kg7 43. Qxe5+ Kh6 44. d6 g5 45. Qd5 Kg6 46. e5 g4 47. e6 Rf1+ 48. Kh2 h5 49. Qd3+ Kf6 50. d7 Rf2+ 51. Kg1 Rg2+ 52. Kh1 1-0


[Site "https://www.chess.com"]

[Event "Titled Tuesday Blitz March 08 Early 2022"]
[White "Sovetbekova, Nurai"]
[Black "Hua, Lefong"]
[WhiteFideId "13801910"]
[BlackFideId "2602253"]
[WhiteElo "1538"]
[BlackElo "2621"]
[Result "0-1"]
[Round "04"]
[TimeControl "180+1"]
[Date "2022.03.09"]
[WhiteClock "0:00:04"]
[BlackClock "0:00:59"]

1. d4 Nf6 2. c4 g6 3. g3 Bg7 4. Bg2 O-O 5. Nf3 d6 6. O-O Nc6 7. Nc3 a6 8. e4 Bg4 9. Be3 Nd7 10. Ne2 e5 11. d5 Ne7 12. Ne1 Bxe2 13. Qxe2 f5 14. Nd3 Nf6 15. f3 b6 16. b4 a5 17. a3 Qd7 18. c5 bxc5 19. bxc5 Qa4 20. Nb2 Qb3 21. Nc4 fxe4 22. fxe4 Rad8 23. Rfb1 Qa4 24. cxd6 cxd6 25. Bb6 Rd7 26. Nxa5 Rc8 27. Rb2 Bh6 28. Be3 Bxe3+ 29. Qxe3 Rc5 30. Nb3 Rc4 31. Nd2 Rd4 32. Rab1 Kg7 33. Rb4 Rxb4 34. Rxb4 Qc2 35. Nf1 Ng4 36. Qd2 Qc5+ 37. Kh1 Nf2+ 38. Kg1 Nh3+ 39. Kh1 Qg1# 0-1


[Site "https://www.chess.com"]

[Event "Titled Tuesday Blitz March 08 Early 2022"]
[White "Spata, German"]
[Black "Guseva, Marina"]
[WhiteFideId "113026"]
[BlackFideId "4149351"]
[WhiteElo "2238"]
[BlackElo "2160"]
[Result "1-0"]
[Round "04"]
[TimeControl "180+1"]
[Date "2022.03.09"]
[WhiteClock "0:00:09"]
[BlackClock "0:00:02"]

1. Nf3 d5 2. d4 Nf6 3. e3 c6 4. c4 a6 5. Nbd2 Bg4 6. h3 Bh5 7. Be2 Nbd7 8. O-O e6 9. b3 b5 10. cxd5 cxd5 11. Bb2 Bd6 12. Ne5 Bxe2 13. Qxe2 O-O 14. Rfc1 Qb8 15. Nxd7 Nxd7 16. Rc2 Rc8 17. Nf3 Rxc2 18. Qxc2 Nb6 19. Ne5 Qb7 20. Nd3 Rc8 21. Nc5 Bxc5 22. dxc5 Nd7 23. b4 Nb8 24. Qc3 f6 25. Qd4 Nc6 26. Qg4 Qc7 27. Qxe6+ Kh8 28. a3 Rd8 29. Rd1 Qd7 30. Qxd7 Rxd7 31. Bc3 Kg8 32. f3 Kf7 33. Kf2 Ke6 34. g4 g6 35. h4 Ra7 36. e4 d4 37. Bxd4 Rd7 38. Ke3 Ne5 39. c6 Nxc6 40. Rd3 h5 41. Bc3 Rxd3+ 42. Kxd3 Kf7 43. Ke3 Ke6 44. Kf4 Ne7 45. Bd4 Nc6 46. Bb2 Ne7 47. Bc3 Nc6 48. g5 fxg5+ 49. Kxg5 Kf7 50. f4 Ne7 51. f5 gxf5 52. exf5 Nd5 53. Bd4 Ne7 54. f6 Nd5 55. Kxh5 Nf4+ 56. Kg4 Ne2 57. Be5 Nc1 58. h5 1-0


[Site "https://www.chess.com"]

[Event "Titled Tuesday Blitz March 08 Early 2022"]
[White "Stepanencu, Nicodim-Cosmin"]
[Black "Sychev, Klementy"]
[WhiteFideId "1256220"]
[BlackFideId "4114060"]
[WhiteElo "1913"]
[BlackElo "2564"]
[Result "0-1"]
[Round "04"]
[TimeControl "180+1"]
[Date "2022.03.09"]
[WhiteClock "0:00:01"]
[BlackClock "0:00:54"]

1. d4 d5 2. c4 c6 3. e3 Nf6 4. Nf3 Bf5 5. Nc3 e6 6. Nh4 Bg6 7. Bd2 Be7 8. Qb3 Qc7 9. Rc1 dxc4 10. Bxc4 Nbd7 11. Nxg6 hxg6 12. h3 g5 13. e4 Nh5 14. Ne2 Nf4 15. Nxf4 gxf4 16. e5 Rh4 17. Qf3 Qb6 18. Bc3 O-O-O 19. g3 fxg3 20. fxg3 Rxd4 21. Bxd4 Qxd4 22. Qxf7 Bb4+ 0-1


[Site "https://www.chess.com"]

[Event "Titled Tuesday Blitz March 08 Early 2022"]
[White "Svane, Frederik"]
[Black "Vokhidov, Shamsiddin"]
[WhiteFideId "12923044"]
[BlackFideId "14204223"]
[WhiteElo "2459"]
[BlackElo "2611"]
[Result "1/2-1/2"]
[Round "04"]
[TimeControl "180+1"]
[Date "2022.03.08"]
[WhiteClock "0:00:06"]
[BlackClock "0:00:13"]

1. e4 c5 2. Nf3 e6 3. d4 cxd4 4. Nxd4 Nf6 5. Nc3 Nc6 6. Be2 Bb4 7. O-O Bxc3 8. bxc3 Nxe4 9. Bd3 d5 10. Nxc6 bxc6 11. Ba3 c5 12. Bxe4 dxe4 13. Bxc5 Ba6 14. Re1 Qd5 15. Bb4 f6 16. Qg4 O-O-O 17. Rad1 h5 18. Rxd5 hxg4 19. Rd4 Rxd4 20. cxd4 Bc4 21. Rxe4 Bxa2 22. Rxg4 g5 23. f4 gxf4 24. Rxf4 f5 25. g4 Rh4 26. h3 Bb1 27. c4 Rxh3 28. gxf5 exf5 29. d5 Be4 30. Kf2 Kd7 31. Ke2 Rb3 32. Bd2 Kd6 33. Rh4 Kc5 34. Be3+ Kxc4 35. d6 Rd3 36. Bxa7 Rxd6 37. Be3 Ra6 38. Rh6 Ra2+ 39. Bd2 f4 40. Rh4 Bd3+ 41. Ke1 Be4 42. Ke2 f3+ 43. Ke3 Kd5 44. Rh5+ Ke6 45. Kxe4 Rxd2 46. Rh6+ Kf7 47. Kxf3 1/2-1/2


[Site "https://www.chess.com"]

[Event "Titled Tuesday Blitz March 08 Early 2022"]
[White "Taichman, Ori"]
[Black "Matlakov, Maxim"]
[WhiteFideId "2804069"]
[BlackFideId "4168003"]
[WhiteElo "2227"]
[BlackElo "2669"]
[Result "0-1"]
[Round "04"]
[TimeControl "180+1"]
[Date "2022.03.08"]
[WhiteClock "0:00:32"]
[BlackClock "0:02:11"]

1. e4 c5 2. b3 d6 3. Bb2 Nf6 4. Nc3 Nc6 5. f4 g6 6. Qe2 Nd4 7. Qd3 Bg7 8. Nf3 Nxf3+ 9. gxf3 Nh5 10. f5 O-O 11. O-O-O Bd7 12. Qe3 Bd4 13. Qh6 e6 14. fxg6 fxg6 15. Bh3 Nf4 16. Nb1 Ne2# 0-1


[Site "https://www.chess.com"]

[Event "Titled Tuesday Blitz March 08 Early 2022"]
[White "Tarhan, Adar"]
[Black "Sahil, Tickoo"]
[WhiteFideId "34544712"]
[BlackFideId "5019710"]
[WhiteElo "1802"]
[BlackElo "2099"]
[Result "1-0"]
[Round "04"]
[TimeControl "180+1"]
[Date "2022.03.09"]
[WhiteClock "0:02:24"]
[BlackClock "0:00:44"]

1. e4 c5 2. Nf3 d6 3. d4 cxd4 4. Nxd4 Nf6 5. Nc3 a6 6. a4 e5 7. Nf3 Qc7 8. Be3 h6 9. a5 Be6 10. Nd5 Bxd5 11. exd5 Nbd7 12. c4 Be7 13. Nd2 O-O 14. g4 b6 15. axb6 Nxb6 16. h4 Nfd7 17. g5 f5 18. gxh6 f4 19. Qg4 Rf7 20. Bxb6 Nxb6 21. Bd3 Nd7 22. Bg6 Rf6 23. Bh7+ Kf7 24. Qxg7+ Ke8 25. Bg6+ Kd8 26. h7 1-0


[Site "https://www.chess.com"]

[Event "Titled Tuesday Blitz March 08 Early 2022"]
[White "Tasev, Dejan"]
[Black "Mayaud, Raphael"]
[WhiteFideId "936618"]
[BlackFideId "627151"]
[WhiteElo "2253"]
[BlackElo "2191"]
[Result "1-0"]
[Round "04"]
[TimeControl "180+1"]
[Date "2022.03.09"]
[WhiteClock "0:00:44"]
[BlackClock "0:00:04"]

1. e4 d5 2. exd5 Qxd5 3. Nc3 Qa5 4. Bc4 c6 5. Bb3 Nf6 6. d3 Bf5 7. Ne2 e6 8. Ng3 Bg6 9. O-O Nbd7 10. Bd2 Qc7 11. f4 Bd6 12. Qe2 O-O-O 13. Rae1 Rde8 14. Qf3 h5 15. Nge4 h4 16. h3 Bh5 17. Nxd6+ Qxd6 18. Qf2 Kb8 19. Be3 a6 20. Ne4 Qc7 21. Nxf6 gxf6 22. Bd4 Qd6 23. Bc3 Bg6 24. Re3 Bf5 25. a3 Reg8 26. Bb4 Qc7 27. Be1 Rg6 28. Kh2 Rhg8 29. Rg1 Qd6 30. Qxh4 e5 31. Bg3 Qc5 32. Rge1 exf4 33. Qxf4+ Ka8 34. Bxf7 Rg5 35. Bxg8 1-0


[Site "https://www.chess.com"]

[Event "Titled Tuesday Blitz March 08 Early 2022"]
[White "Thomas, Anysia"]
[Black "Gulecyuz, Deniz"]
[WhiteFideId "670472"]
[BlackFideId "30921341"]
[WhiteElo "2002"]
[BlackElo "1923"]
[Result "1-0"]
[Round "04"]
[TimeControl "180+1"]
[Date "2022.03.09"]
[WhiteClock "0:01:57"]
[BlackClock "0:00:25"]

1. d4 Nf6 2. c4 g6 3. Nc3 d5 4. cxd5 Nxd5 5. e4 Nxc3 6. bxc3 Bg7 7. Nf3 c5 8. Be3 O-O 9. Be2 Nc6 10. O-O cxd4 11. cxd4 Bg4 12. d5 Bxf3 13. Bxf3 Ne5 14. Be2 Qd7 15. Rc1 e6 16. f4 exd5 17. fxe5 Bxe5 18. Qxd5 Qxd5 19. exd5 Rfd8 20. Bc4 b6 21. Bb3 Rac8 22. Bg5 Bd4+ 23. Kh1 f6 24. Rxc8 Rxc8 25. d6+ Kg7 26. Bf4 Rd8 27. h3 Be5 28. Bxe5 fxe5 29. Rf7+ Kg8 30. Rd7+ 1-0


[Site "https://www.chess.com"]

[Event "Titled Tuesday Blitz March 08 Early 2022"]
[White "Timofeev, Artyom"]
[Black "Jary, Sergey"]
[WhiteFideId "4140419"]
[BlackFideId "14110350"]
[WhiteElo "2594"]
[BlackElo "2260"]
[Result "1-0"]
[Round "04"]
[TimeControl "180+1"]
[Date "2022.03.08"]
[WhiteClock "0:00:21"]
[BlackClock "0:00:01"]

1. c4 g6 2. Nc3 Bg7 3. h4 Nf6 4. e3 h5 5. Nf3 c5 6. g3 Nc6 7. Bg2 d5 8. cxd5 Nxd5 9. O-O Bg4 10. Qb3 Nb6 11. d4 cxd4 12. Nxd4 Nxd4 13. exd4 Qd7 14. d5 O-O 15. Bg5 Rfe8 16. Rfe1 Rac8 17. Rac1 Kh7 18. Qa3 Nc4 19. Qxa7 Nxb2 20. Ne4 Nd3 21. Rxc8 Qxc8 22. Rf1 Be2 23. Rb1 b5 24. d6 Qc2 25. Nd2 exd6 26. Qxf7 Rf8 27. Qb3 Qxb3 28. Nxb3 Nxf2 29. Be7 Rf7 30. Bxd6 Ng4 31. Bc5 Bc4 32. Re1 Rf5 33. Bb6 Rf6 34. Bd4 Re6 35. Rxe6 Bxe6 36. Bc5 Ne5 37. Bf1 Bc4 38. Bg2 Nd3 39. Bd6 Kg8 40. Be4 Kf7 41. Kg2 Nb2 42. Kf3 Na4 43. Nc1 Nc3 44. a3 Nxe4 45. Kxe4 Be6 46. Bb4 Bc4 47. Nd3 Ke6 48. Nf4+ Kf7 49. Nd5 Bxd5+ 50. Kxd5 Be5 51. Kxe5 1-0


[Site "https://www.chess.com"]

[Event "Titled Tuesday Blitz March 08 Early 2022"]
[White "Tologon tegin, Semetei"]
[Black "Gubanov, Oleg"]
[WhiteFideId "13800574"]
[BlackFideId "14115115"]
[WhiteElo "2258"]
[BlackElo "2080"]
[Result "1-0"]
[Round "04"]
[TimeControl "180+1"]
[Date "2022.03.09"]
[WhiteClock "0:00:35"]
[BlackClock "0:00:01"]

1. e4 Nf6 2. e5 Nd5 3. d4 d6 4. Nf3 dxe5 5. Nxe5 c6 6. Bc4 Be6 7. O-O Nd7 8. Re1 Nxe5 9. Rxe5 g6 10. Rxe6 fxe6 11. Qg4 Qd6 12. Nc3 Nf6 13. Qe2 O-O-O 14. Bxe6+ Kb8 15. Be3 Bg7 16. f3 Ka8 17. Bf2 Nh5 18. d5 Bxc3 19. bxc3 cxd5 20. Rb1 Qa6 21. Qe5 Nf4 22. Qxf4 Qxe6 23. Qd4 Qa6 24. Rb4 e5 25. Qxe5 d4 26. cxd4 Rhe8 27. Qg7 Re2 28. Qc7 Rb8 29. Bg3 Ree8 30. h3 1-0


[Site "https://www.chess.com"]